 Dungeon Crawl Stone Soup version 0.28-a0-773-g130ae17fe5 (webtiles) character file.

Game seed: 14169983318250678877

220 croobank the Digger (level 5, -3/28 HPs)
             Began as a Gargoyle Earth Elementalist on Nov 1, 2021.
             Killed from afar by Pikel (6 damage)
             ... with a puff of flame
             ... on level 4 of the Dungeon.
             The game lasted 00:30:19 (4361 turns).

croobank the Digger (Gargoyle Earth Elementalist)   Turns: 4361, Time: 00:30:19

Health: -3/28      AC: 10    Str: 13    XL:     5   Next: 97%
Magic:  10/18      EV: 26    Int: 21    God:
Gold:   36         SH:  0    Dex: 10    Spells: 4/10 levels left

rFire   . . .      SeeInvis .   t - +3 mace (protect)
rCold   . . .      Faith    .   (no shield)
rNeg    + . .      Spirit   .   j - +0 leather armour
rPois   ∞          Reflect  .   (no helmet)
rElec   +          Harm     .   r - +1 cloak
rCorr   .          Rampage  .   (no gloves)
Will    .....                   n - +0 pair of boots
Stlth   ++........              u - amulet of the acrobat
HPRegen 0.09/turn               e - +6 ring of intelligence
MPRegen 0.16/turn               m - ring of magical power

@: acrobatic
A: sickness immunity, AC +4, negative energy resistance 1, electricity
resistance, torment resistance 1, petrification resistance
a: no special abilities


You were on level 4 of the Dungeon.
You visited 1 branch of the dungeon, and saw 4 of its levels.

You collected 171 gold pieces.
You spent 135 gold pieces at shops.

Inventory:

Hand Weapons
 k - a +1 dagger of protection
 t - a +3 mace of protection (weapon)
Missiles
 c - 92 stones
 d - 39 bolts
 v - 28 arrows
Armour
 a - a +0 scale mail
 b - a +0 robe
 j - a +0 leather armour (worn)
 n - a +0 pair of boots (worn)
 r - a +1 cloak (worn)
 s - a +0 ring mail
 w - a +0 chain mail
Magical Staves
 f - a staff of death
Jewellery
 e - a +6 ring of intelligence (left hand)
 m - a ring of magical power (right hand)
 u - an amulet of the acrobat (around neck)
Scrolls
 h - a scroll of noise
 i - a scroll of brand weapon


   Skills:
 + Level 0.8 Fighting
 + Level 0.6(1.1) Maces & Flails
 + Level 1.2(1.3) Staves
 + Level 0.5 Armour
 + Level 2.1 Dodging
 + Level 3.3 Stealth
 + Level 3.2 Spellcasting
 + Level 1.1 Transmutations
 + Level 5.0 Earth Magic


You had 4 spell levels left.
You knew the following spells:

 Your Spells              Type           Power      Damage    Failure   Level
a - Sandblast             Erth           48%        2d12      1%          1
b - Passwall              Tmut/Erth      13%        N/A       7%          2
c - Stone Arrow           Conj/Erth      28%        3d8       17%         3

Your spell library contained the following spells:

 Spells                   Type           Power      Damage    Failure   Level
 Petrify                  Tmut/Erth      16%        N/A       43%         4


Dungeon Overview and Level Annotations

Branches:
Dungeon (4/15)
 Temple: D:4-7

Altars:

Shops:
D:3 *

Annotations:
D:4 Pikel


Innate Abilities, Weirdness & Mutations

You are immune to sickness and miasma.
Your stone body is resilient. (AC +4)
You are immune to poison.
You resist negative energy. (rN+)
You are resistant to electric shocks. (rElec)
You are resistant to unholy torment.
You are immune to petrification.


Message History

Press: ? - help, Shift-Dir - straight line, f - Natasha, p - scorpion
Aim: Natasha (60% to hit)
The stone arrow hits the scorpion.
The scorpion is almost dead.
The scorpion barely misses you.
Pikel says, "You'll make a fine lemure."
Casting: Stone Arrow (quite dangerous; 19% risk of failure)
Confirm with . or Enter, or press ? or * to list all spells.
The spell is quite dangerous to cast (19% risk of failure)!
Continue anyway?
Aiming: Stone Arrow (quite dangerous; 19% risk of failure)
Press: ? - help, Shift-Dir - straight line, f - Pikel, p - Natasha
Aim: Pikel, wielding a +0 whip of freezing, wearing a +0 robe and carrying a wand of flame (15) (60% to hit)
The stone arrow hits Pikel!
Pikel is lightly wounded.
The scorpion stings you.
* * * LOW HITPOINT WARNING * * *
Pikel says, "Antaeus said I was his favorite kobold.
Me!"
The scorpion stings you but does no damage.
Aiming: Sandblast (safe; 2% risk of failure)
Press: ? - help, Q - select action, (/) - cycle Shift-Dir - straight line, f - scorpion, p - Pikel
Aim: a scorpion (almost dead, 81% to hit)
The blast of sand hits the scorpion.
You kill the scorpion!
Your Dodging skill increases to level 2!
Your Spellcasting skill increases to level 3!
Okay, then.
Aiming: Sandblast (safe; 2% risk of failure)
Press: ? - help, Q - select action, (/) - cycle Shift-Dir - straight line, f - Natasha
Aim: Natasha (76% to hit)
The blast of sand hits Natasha!
You kill Natasha!
Natasha screams in fury as she dies!
The shadow imp disappears in a puff of smoke!
The iron imp disappears in a puff of smoke!
Pikel says, "Asmodeus and me are pals.
He gave me this whip."
Your Earth Magic skill increases to level 5!
There is an open door here.
You see here a scorpion corpse.
Pikel zaps a wand.
The puff of flame hits you.
You die...

#..........♣ ....♣.......
#..........#♣.♣..♣.......
#........#.....♣ ♣....♣..
.........#.♣♣.♣..♣♣♣♣...♣
.........#..♣♣.. ..♣♣♣♣♣.
.......o.##..♣♣♣# . ♣
...####K#....♣♣# ..
###†#....... .
#.§.@...### ......#
#..§....# #.....#
#.......# #....5#
#.).....### #5....#
#.......... +.....#
#.#.####### #.....#
#.#.#########.....###
#.#...h5.............
#.###################


You could see Pikel and an orc (resistant).

Vanquished Creatures
  A scorpion (D:4)
  Natasha (D:4)
  An iguana (D:4)
  4 adders (D:2)
  A gnoll (D:1)
  2 worms (D:2)
  3 dart slugs
  7 ball pythons
  5 endoplasms
  A giant cockroach (D:1)
  5 goblins
  4 hobgoblins
  4 jackals (D:2)
  3 quokkas
  3 bats
  2 frilled lizards (D:2)
  4 kobolds
  3 rats
54 creatures vanquished.

Vanquished Creatures (others)
  4 fungi (D:1)
  112 plants
116 creatures vanquished.

Grand Total: 170 creatures vanquished

Notes
Turn   | Place    | Note
-------+----------+-------------------------------------------
     0 | D:1      | croobank the Gargoyle Earth Elementalist began the quest
                  | for the Orb.
     0 | D:1      | Reached XP level 1. HP: 10/10 MP: 3/3
    14 | D:1      | Reached skill level 4 in Earth Magic
    14 | D:1      | Reached XP level 2. HP: 15/15 MP: 1/5
   188 | D:1      | Learned a level 2 spell: Passwall
   410 | D:1      | Found a faded altar of an unknown god.
   492 | D:1      | Reached XP level 3. HP: 19/19 MP: 4/6
  1777 | D:2      | Learned a level 3 spell: Stone Arrow
  1837 | D:2      | Reached XP level 4. HP: 20/24 MP: 5/7
  1915 | D:2      | Reached skill level 1 in Transmutations
  3010 | D:3      | Found Itiodgh's Assorted Antiques.
  3018 | D:3      | Bought a scroll of identify for 54 gold pieces
  3018 | D:3      | Bought a scroll labelled EHOREU VUEL SUV for 27 gold pieces
  3018 | D:3      | Bought a scroll labelled SUYF BUELO for 27 gold pieces
  3018 | D:3      | Bought a scroll labelled RARESS BEUQE for 27 gold pieces
  3317 | D:3      | Reached skill level 1 in Staves
  3714 | D:4      | Reached XP level 5. HP: 13/28 MP: 9/9
  3944 | D:4      | Noticed a lemure
  3944 | D:4      | Noticed a black bear
  4324 | D:4      | Noticed Natasha
  4353 | D:4      | Noticed Pikel
  4359 | D:4      | Killed Natasha
  4360 | D:4      | Reached skill level 5 in Earth Magic
  4361 | D:4      | Killed from afar by Pikel

Illustrated notes

Levels and vault maps discovered:
D:1:      minmay_arrival_radiant_lines, layout_basic,
          shapermc_ecumenical_altar_gd
D:2:      minmay_evil_eye, layout_rooms, serial_bayou, serial_bayou_shore_b,
          serial_bayou_crossing, serial_bayou_lagoon_a, serial_bayou_shore_b,
          serial_bayou_lagoon_b
D:3:      layout_loops_ring, serial_shops, shop_fountains
D:4:      wad_woods_pond, layout_basic, uniq_natasha, uniq_pikel

Skill      XL: |  1  2  3  4  5 |
---------------+----------------+-----
Earth Magic    | 4 5 |  5.0
Stealth        | 3 |  3.3
Transmutations | 1 |  1.1
Staves         | 1 |  1.2
Dodging        | 2 |  2.1
Spellcasting   | 3 |  3.2
Fighting       | |  0.8
Maces & Flails | |  0.6
Armour         | |  0.5

Action                   |  1- 3 |  4- 6 || total
-------------------------+-------+-------++-------
Melee: Staff             |    46 |    68 ||   114
       Unarmed           |    12 |       ||    12
       Mace              |       |    19 ||    19
 Cast: Sandblast         |    21 |    25 ||    46
       Passwall          |     5 |       ||     5
       Stone Arrow       |       |     3 ||     3
  Use: Scroll            |     2 |    10 ||    12
 Stab: Sleeping          |     3 |       ||     3
Armor: Robe              |    14 |    24 ||    38
       Leather armour    |       |    10 ||    10
Dodge: Dodged            |    43 |    71 ||   114

Table legend: (Time is in decaauts)
 A = Elapsed time spent in this place.
 B = Non-inter-level travel time spent in this place.
 C = Inter-level travel time spent in this place.
 D = Time resting spent in this place.
 E = Time spent auto-exploring this place.
 F = Levels seen in this place.
 G = Mean time per level.
                   A        B        C        D        E       F      G
               +--------+--------+--------+--------+--------+-----+--------+
         Total |   4416 |   4336 |     80 |   1216 |   2090 |   4 | 1104.0 |
       Dungeon |   4416 |   4336 |     80 |   1216 |   2090 |   4 | 1104.0 |
               +--------+--------+--------+--------+--------+-----+--------+

Top non-repeatable levels by time:
     D:2: 1528 daAuts
     D:1: 1379 daAuts
     D:3: 822 daAuts
     D:4: 685 daAuts
